TOP OF THE 1ST |
Little Rock Lemmiwinks batting - Pitching for Erie Jaxx : LHP Gary Fox
|
Pitching: LHP Gary Fox
|
|
Batting: LHB Elvin Summers
|
0-0: Foul Ball, location: 2F 0-1: Foul Ball, location: 2F 0-2: Strikes out swinging
|
Batting: LHB Dave Raines
|
0-0: Ball 1-0: Foul Ball, location: 2F 1-1: SINGLE (Line Drive, 7S)
|
Batting: RHB Jorge Mora
|
0-0: Called Strike 0-1: Called Strike 0-2: Ball 1-2: SINGLE (Groundball, 34D) Dave Raines to second Runner from 2nd tries for 3rd, SAFE, throw made to third Jorge Mora to second
|
Batting: SHB Juan Carlos González
|
0-0: DOUBLE (Flyball, 8LD) Dave Raines scores Jorge Mora scores
|
Batting: RHB Nicoli Turina
|
0-0: Ball 1-0: DOUBLE (Groundball, 3L) Juan Carlos González scores
|
Batting: RHB James Hunter
|
0-0: Called Strike 0-1: Ball 1-1: Foul Ball, location: 2F 1-2: Fly out, F8 (Flyball, 8RS)
|
Batting: RHB Carlos Estrada
|
0-0: Foul Ball, location: 2F 0-1: Foul Ball, location: 2F 0-2: Ball 1-2: Hit by Pitch
|
Batting: RHB Juan Trujillo
|
0-0: Ball 1-0: Ball 2-0: Called Strike 2-1: Foul Ball, location: 2F 2-2: Foul Ball, location: 2F 2-2: Foul Ball, location: 2F 2-2: Ball 3-2: Foul Ball, location: 2F 3-2: Base on Balls Nicoli Turina to third Carlos Estrada to second
|
Batting: RHB Álex Martínez
|
0-0: Ball 1-0: Ball 2-0: Called Strike 2-1: Called Strike 2-2: Ball 3-2: Foul Ball, location: 2F 3-2: Base on Balls Nicoli Turina scores Carlos Estrada to third Juan Trujillo to second
|
Batting: LHB Elvin Summers
|
0-0: Ball 1-0: Called Strike 1-1: Called Strike 1-2: Strikes out swinging
|
Top of the 1st over - 4 run(s), 4 hit(s), 0 error(s), 3 left on base; Little Rock 4 - Erie 0 |
BOTTOM OF THE 1ST |
Erie Jaxx batting - Pitching for Little Rock Lemmiwinks : RHP Claudio Romero
|
Pitching: RHP Claudio Romero
|
|
Batting: RHB José Hernández
|
0-0: Ball 1-0: Called Strike 1-1: SINGLE (Groundball, 4MD)
|
Batting: SHB José Durango
|
0-0: Called Strike 0-1: Ball 1-1: Foul Ball, location: 2F 1-2: Foul Ball, location: 2F 1-2: Fly out, F8 (Line Drive, 8RD)
|
Batting: SHB Michael Field
|
0-0: Ball 1-0: Ball 2-0: Called Strike 2-1: Foul Ball, location: 2F 2-2: Strikes out swinging
|
Batting: RHB William Wilson
|
0-0: Called Strike 0-1: Ball 1-1: Foul Ball, location: 2F 1-2: Foul Ball, location: 2F 1-2: SINGLE (Flyball, 6MD) José Hernández to second Runner from 2nd tries for 3rd, SAFE, throw made to third
|
Batting: RHB Ángel Serrano
|
0-0: Ball 1-0: Ball William Wilson steals 2nd base 2-0: Ball 3-0: Foul Ball, location: 2F 3-1: Foul Ball, location: 2F 3-2: Foul Ball, location: 2F 3-2: 3-RUN HOME RUN (Flyball, 78XD), Distance : 399 ft
|
Batting: RHB Andrés Silva
|
0-0: Foul Ball, location: 2F 0-1: Swinging Strike 0-2: Strikes out looking
|
Bottom of the 1st over - 3 run(s), 3 hit(s), 0 error(s), 0 left on base; Little Rock 4 - Erie 3 |
TOP OF THE 2ND |
Little Rock Lemmiwinks batting - Pitching for Erie Jaxx : LHP Gary Fox
|
Batting: LHB Dave Raines
|
0-0: Called Strike 0-1: SINGLE (Flyball, 78S)
|
Batting: RHB Jorge Mora
|
0-0: Called Strike 0-1: Ball 1-1: Called Strike 1-2: Ball 2-2: Ball 3-2: Base on Balls Dave Raines to second
|
Batting: SHB Juan Carlos González
|
0-0: Fielders Choice at 2nd, 1-6 (Groundball, 13) Dave Raines to third
|
Batting: RHB Nicoli Turina
|
0-0: Called Strike 0-1: SINGLE (Groundball, 4D) Dave Raines scores Juan Carlos González to second Runner from 2nd tries for 3rd, SAFE, no throw
|
Batting: RHB James Hunter
|
0-0: Ball 1-0: Called Strike 1-1: Ball 2-1: Foul Ball, location: 2F 2-2: Ball 3-2: Foul Ball, location: 2F 3-2: Base on Balls Nicoli Turina to second
|
Batting: RHB Carlos Estrada
|
0-0: Called Strike 0-1: Called Strike 0-2: Ball 1-2: Fly out, F7 (Flyball, 7LSF) Runner from 3rd tags up, SCORES, no throw
|
Pitching: LHP Alfredo García
|
|
Now in LF: Germán Duarte
|
|
Batting: RHB Juan Trujillo
|
0-0: Ball 1-0: Ball 2-0: Called Strike 2-1: Ball 3-1: Called Strike 3-2: Base on Balls Nicoli Turina to third James Hunter to second
|
Batting: RHB Álex Martínez
|
0-0: Called Strike 0-1: Ball 1-1: Foul Ball, location: 2F 1-2: Strikes out swinging
|
Top of the 2nd over - 2 run(s), 2 hit(s), 0 error(s), 3 left on base; Little Rock 6 - Erie 3 |
BOTTOM OF THE 2ND |
Erie Jaxx batting - Pitching for Little Rock Lemmiwinks : RHP Claudio Romero
|
Batting: RHB Edgardo Castro
|
0-0: Ball 1-0: Called Strike 1-1: Ball 2-1: Foul Ball, location: 2F 2-2: Foul Ball, location: 2F 2-2: Ground out 5-3 (Groundball, 56S)
|
Batting: RHB Alfredo Ramírez
|
0-0: Ball 1-0: Called Strike 1-1: Foul Ball, location: 2F 1-2: Reached on error, E5 (Groundball, 56)
|
Batting: RHB Júlio Hernández
|
0-0: Ball 1-0: Swinging Strike 1-1: Called Strike 1-2: Ball 2-2: Strikes out swinging
|
Batting: RHB José Hernández
|
0-0: Called Strike 0-1: Ball 1-1: Reached on error, E9 (Flyball, 9LM) Alfredo Ramírez to third
|
Batting: SHB José Durango
|
0-0: Called Strike 0-1: Foul Ball, location: 2F 0-2: Strikes out looking
|
Bottom of the 2nd over - 0 run(s), 0 hit(s), 2 error(s), 2 left on base; Little Rock 6 - Erie 3 |
TOP OF THE 3RD |
Little Rock Lemmiwinks batting - Pitching for Erie Jaxx : LHP Alfredo García
|
Batting: LHB Elvin Summers
|
0-0: Ball 1-0: SINGLE (Flyball, 89S)
|
Batting: LHB Dave Raines
|
0-0: Ball 1-0: Called Strike 1-1: Ball 2-1: Ball 3-1: Base on Balls Elvin Summers to second
|
Batting: RHB Jorge Mora
|
0-0: Ball 1-0: Called Strike 1-1: Swinging Strike 1-2: Foul Ball, location: 2F 1-2: Foul Ball, location: 2F 1-2: Ball 2-2: Strikes out swinging
|
Batting: SHB Juan Carlos González
|
0-0: Grounds into double play, 5-4-3 (Groundball, 56)
|
Top of the 3rd over - 0 run(s), 1 hit(s), 0 error(s), 1 left on base; Little Rock 6 - Erie 3 |
BOTTOM OF THE 3RD |
Erie Jaxx batting - Pitching for Little Rock Lemmiwinks : RHP Claudio Romero
|
Batting: RHB Germán Duarte
|
0-0: Called Strike 0-1: Ball 1-1: Swinging Strike 1-2: SINGLE (Groundball, 6D)
|
Batting: RHB William Wilson
|
0-0: Called Strike 0-1: Swinging Strike 0-2: Ball 1-2: Ball 2-2: Ball 3-2: Foul Ball, location: 2F 3-2: Strikes out swinging
|
Batting: RHB Ángel Serrano
|
0-0: Ball 1-0: Ball 2-0: Foul Ball, location: 2F 2-1: Ball 3-1: Base on Balls Germán Duarte to second
|
Batting: RHB Andrés Silva
|
0-0: Ball 1-0: Ground out 5-3 (Groundball, 56S) Germán Duarte to third Ángel Serrano to second
|
Batting: RHB Edgardo Castro
|
0-0: Called Strike 0-1: Ball 1-1: Called Strike 1-2: Strikes out swinging
|
Bottom of the 3rd over - 0 run(s), 1 hit(s), 0 error(s), 2 left on base; Little Rock 6 - Erie 3 |
TOP OF THE 4TH |
Little Rock Lemmiwinks batting - Pitching for Erie Jaxx : LHP Alfredo García
|
Batting: RHB Nicoli Turina
|
0-0: Called Strike 0-1: Ball 1-1: Ball 2-1: Foul Ball, location: 2F 2-2: Strikes out swinging
|
Batting: RHB James Hunter
|
0-0: Called Strike 0-1: Fly out, F7 (Flyball, 7S)
|
Batting: RHB Carlos Estrada
|
0-0: Foul Ball, location: 2F 0-1: Called Strike 0-2: Ball 1-2: Ball 2-2: Fly out, F9 (Flyball, 9LM)
|
Top of the 4th over - 0 run(s), 0 hit(s), 0 error(s), 0 left on base; Little Rock 6 - Erie 3 |
BOTTOM OF THE 4TH |
Erie Jaxx batting - Pitching for Little Rock Lemmiwinks : RHP Claudio Romero
|
Batting: RHB Alfredo Ramírez
|
0-0: Ground out U3 (Groundball, 3)
|
Batting: RHB Júlio Hernández
|
0-0: Foul Ball, location: 2F 0-1: Foul Ball, location: 2F 0-2: Ball 1-2: Ball 2-2: SINGLE (Line Drive, 56D)
|
Batting: RHB José Hernández
|
0-0: Ball Júlio Hernández steals 2nd base 1-0: Ball Júlio Hernández steals 3rd base 2-0: Ball 3-0: Called Strike 3-1: Ground out 4-3 (Groundball, 4) Júlio Hernández scores
|
Batting: SHB José Durango
|
0-0: Hit by Pitch
|
Pinch Runner at 1st Scott King:
|
|
Batting: RHB Germán Duarte
|
0-0: Swinging Strike 0-1: Ball 1-1: Ball 2-1: Ball 3-1: Foul Ball, location: 2F 3-2: Foul Ball, location: 2F 3-2: Foul Ball, location: 2F 3-2: Base on Balls Scott King to second
|
Pitching: RHP Ignacio Medina
|
|
Batting: RHB William Wilson
|
0-0: Ball 1-0: Ball 2-0: Called Strike 2-1: Ground out U3 (Groundball, 3)
|
Bottom of the 4th over - 1 run(s), 1 hit(s), 0 error(s), 2 left on base; Little Rock 6 - Erie 4 |
TOP OF THE 5TH |
Little Rock Lemmiwinks batting - Pitching for Erie Jaxx : LHP Alfredo García
|
Now at 3B: Scott King
|
|
Batting: RHB Juan Trujillo
|
0-0: SINGLE (Groundball, 56D)
|
Batting: RHB Álex Martínez
|
0-0: Ball Juan Trujillo is caught stealing 2nd base 1-0: Ball 2-0: Called Strike 2-1: Foul Ball, location: 2F 2-2: Ball 3-2: Foul Ball, location: 2F 3-2: Strikes out looking
|
Batting: LHB Elvin Summers
|
0-0: Ball 1-0: Called Strike 1-1: Called Strike 1-2: Ball 2-2: Foul Ball, location: 2F 2-2: Ball 3-2: Base on Balls
|
Batting: LHB Dave Raines
|
0-0: Ball 1-0: Ball 2-0: Foul Ball, location: 2F 2-1: SINGLE (Groundball, 4D) Elvin Summers to second Runner from 2nd tries for 3rd, SAFE, throw made to third
|
Pitching: RHP Armando Rodríguez
|
|
Batting: RHB Jorge Mora
|
0-0: Called Strike 0-1: Ball 1-1: Ball 2-1: Foul Ball, location: 2F 2-2: Foul Ball, location: 2F 2-2: SINGLE (Groundball, 4MD) Elvin Summers scores Dave Raines to second
|
Batting: SHB Juan Carlos González
|
0-0: Called Strike 0-1: Swinging Strike 0-2: Foul Ball, location: 2F 0-2: Fly out, F7 (Flyball, 7)
|
Top of the 5th over - 1 run(s), 3 hit(s), 0 error(s), 2 left on base; Little Rock 7 - Erie 4 |
BOTTOM OF THE 5TH |
Erie Jaxx batting - Pitching for Little Rock Lemmiwinks : RHP Ignacio Medina
|
Batting: RHB Ángel Serrano
|
0-0: Ball 1-0: Foul Ball, location: 2F 1-1: Ball 2-1: Ball 3-1: Base on Balls
|
Batting: RHB Andrés Silva
|
0-0: Ball 1-0: Called Strike 1-1: Ball 2-1: Called Strike 2-2: Strikes out swinging
|
Batting: RHB Edgardo Castro
|
0-0: Ball 1-0: Called Strike 1-1: Ball 2-1: Swinging Strike 2-2: Ball 3-2: Fly out, F9 (Flyball, 89M)
|
Batting: RHB Alfredo Ramírez
|
0-0: Ball 1-0: Foul Ball, location: 2F 1-1: Swinging Strike 1-2: Ball 2-2: Strikes out swinging
|
Bottom of the 5th over - 0 run(s), 0 hit(s), 0 error(s), 1 left on base; Little Rock 7 - Erie 4 |
TOP OF THE 6TH |
Little Rock Lemmiwinks batting - Pitching for Erie Jaxx : RHP Armando Rodríguez
|
Batting: RHB Nicoli Turina
|
0-0: Fly out, F9 (Flyball, 9)
|
Batting: RHB James Hunter
|
0-0: Foul Ball, location: 2F 0-1: Foul Ball, location: 2F 0-2: Ball 1-2: Strikes out swinging
|
Batting: RHB Carlos Estrada
|
0-0: Called Strike 0-1: Foul Ball, location: 2F 0-2: Foul Ball, location: 2F 0-2: Foul Ball, location: 2F 0-2: Ball 1-2: Ball 2-2: Strikes out swinging
|
Top of the 6th over - 0 run(s), 0 hit(s), 0 error(s), 0 left on base; Little Rock 7 - Erie 4 |
BOTTOM OF THE 6TH |
Erie Jaxx batting - Pitching for Little Rock Lemmiwinks : RHP Ignacio Medina
|
Batting: RHB Júlio Hernández
|
0-0: Called Strike 0-1: Called Strike 0-2: Ball 1-2: SINGLE (Line Drive, 89M)
|
Batting: RHB José Hernández
|
0-0: Ball 1-0: Fly out, F7 (Flyball, 7)
|
Batting: RHB Scott King
|
0-0: Called Strike 0-1: Ball 1-1: Called Strike 1-2: Strikes out swinging
|
Batting: RHB Germán Duarte
|
0-0: Called Strike 0-1: Foul Ball, location: 2F 0-2: Strikes out swinging
|
Bottom of the 6th over - 0 run(s), 1 hit(s), 0 error(s), 1 left on base; Little Rock 7 - Erie 4 |
TOP OF THE 7TH |
Little Rock Lemmiwinks batting - Pitching for Erie Jaxx : RHP Armando Rodríguez
|
Batting: RHB Juan Trujillo
|
0-0: Ball 1-0: Ball 2-0: Ball 3-0: Base on Balls
|
Batting: RHB Álex Martínez
|
0-0: Ball 1-0: Sac Bunt - play at first, batter OUT! 5-3 Juan Trujillo to second
|
Batting: LHB Elvin Summers
|
0-0: Intentional Walk
|
Batting: LHB Dave Raines
|
0-0: Called Strike 0-1: Ball Juan Trujillo steals 3rd base Elvin Summers to second 1-1: Ball 2-1: Ball 3-1: Base on Balls
|
Batting: RHB Jorge Mora
|
0-0: Swinging Strike 0-1: Ball 1-1: Swinging Strike 1-2: Strikes out swinging
|
Pinch Hitting: LHB Claudio Palácios
|
0-0: Ball 1-0: Ball 2-0: Called Strike 2-1: Ball 3-1: Base on Balls Juan Trujillo scores Elvin Summers to third Dave Raines to second
|
Batting: RHB Nicoli Turina
|
0-0: Ball 1-0: Called Strike 1-1: Swinging Strike 1-2: Strikes out looking
|
Top of the 7th over - 1 run(s), 0 hit(s), 0 error(s), 3 left on base; Little Rock 8 - Erie 4 |
BOTTOM OF THE 7TH |
Erie Jaxx batting - Pitching for Little Rock Lemmiwinks : RHP Ignacio Medina
|
Now at SS: Ánibal Soto
|
|
Batting: RHB William Wilson
|
0-0: Ball 1-0: Ground out 4-3 (Groundball, 4)
|
Batting: RHB Ángel Serrano
|
0-0: Ball 1-0: Called Strike 1-1: Swinging Strike 1-2: Ball 2-2: Strikes out swinging
|
Batting: RHB Andrés Silva
|
0-0: Foul Ball, location: 2F 0-1: Ball 1-1: Ball 2-1: Swinging Strike 2-2: Strikes out swinging
|
Bottom of the 7th over - 0 run(s), 0 hit(s), 0 error(s), 0 left on base; Little Rock 8 - Erie 4 |
TOP OF THE 8TH |
Little Rock Lemmiwinks batting - Pitching for Erie Jaxx : RHP Armando Rodríguez
|
Batting: RHB James Hunter
|
0-0: Swinging Strike 0-1: Called Strike 0-2: Strikes out swinging
|
Batting: RHB Carlos Estrada
|
0-0: Called Strike 0-1: Foul Ball, location: 2F 0-2: Ball 1-2: Ball 2-2: Strikes out swinging
|
Pitching: LHP Luis Torres
|
|
Batting: RHB Juan Trujillo
|
0-0: Ball 1-0: Ball 2-0: Swinging Strike 2-1: Ball 3-1: Fly out, F2 (Popup, 15S)
|
Top of the 8th over - 0 run(s), 0 hit(s), 0 error(s), 0 left on base; Little Rock 8 - Erie 4 |
BOTTOM OF THE 8TH |
Erie Jaxx batting - Pitching for Little Rock Lemmiwinks : RHP Ignacio Medina
|
Batting: RHB Edgardo Castro
|
0-0: Called Strike 0-1: Ball 1-1: Swinging Strike 1-2: Strikes out looking
|
Pitching: RHP Jorge Amador
|
|
Batting: RHB Alfredo Ramírez
|
0-0: SINGLE (Groundball, 6MD)
|
Batting: RHB Júlio Hernández
|
0-0: Ball 1-0: Ball 2-0: Called Strike 2-1: Foul Ball, location: 2F 2-2: Foul Ball, location: 2F 2-2: Foul Ball, location: 2F 2-2: Ball 3-2: Strikes out swinging
|
Batting: RHB José Hernández
|
0-0: Called Strike 0-1: Swinging Strike 0-2: Strikes out looking
|
Bottom of the 8th over - 0 run(s), 1 hit(s), 0 error(s), 1 left on base; Little Rock 8 - Erie 4 |
TOP OF THE 9TH |
Little Rock Lemmiwinks batting - Pitching for Erie Jaxx : LHP Luis Torres
|
Batting: RHB Álex Martínez
|
0-0: Ball 1-0: Called Strike 1-1: Swinging Strike 1-2: Strikes out swinging
|
Batting: LHB Elvin Summers
|
0-0: Ball 1-0: Ball 2-0: Foul Ball, location: 2F 2-1: Ground out 4-3 (Groundball, 4)
|
Batting: LHB Dave Raines
|
0-0: Ball 1-0: Foul Ball, location: 2F 1-1: Ball 2-1: Foul Ball, location: 2F 2-2: Foul Ball, location: 2F 2-2: Ball 3-2: Ground out 5-3 (Groundball, 56)
|
Top of the 9th over - 0 run(s), 0 hit(s), 0 error(s), 0 left on base; Little Rock 8 - Erie 4 |
BOTTOM OF THE 9TH |
Erie Jaxx batting - Pitching for Little Rock Lemmiwinks : RHP Jorge Amador
|
Pitching: RHP José Peńa
|
|
Batting: RHB Scott King
|
0-0: Foul Ball, location: 2F 0-1: Ball 1-1: Foul Ball, location: 2F 1-2: Strikes out swinging
|
Batting: RHB Germán Duarte
|
0-0: Ball 1-0: Foul Ball, location: 2F 1-1: Foul Ball, location: 2F 1-2: Ball 2-2: Foul Ball, location: 2F 2-2: DOUBLE (Line Drive, 78M)
|
Batting: RHB William Wilson
|
0-0: Ground out 1-3 (Groundball, 13S) Germán Duarte to third
|
Batting: RHB Ángel Serrano
|
0-0: Ground out 4-3 (Groundball, 4)
|
Bottom of the 9th over - 0 run(s), 1 hit(s), 0 error(s), 1 left on base; Little Rock 8 - Erie 4 |
|